 Dungeon Crawl Stone Soup version 0.21.1-1-g345015fe64 (webtiles) character file.

121 Danqa the Covert (level 4, -1/22 HPs)
             Began as a Spriggan Assassin on Mar 24, 2018.
             Slain by Natasha (6 damage)
             ... on level 1 of the Dungeon.
             The game lasted 00:07:14 (2417 turns).

Danqa the Covert (Spriggan Assassin)                Turns: 2417, Time: 00:07:14

Health: -1/22      AC:  3    Str:  7    XL:     4   Next: 77%
Magic:  5/5        EV: 19    Int: 12    God:
Gold:   64         SH:  0    Dex: 18    Spells: 3/3 levels left

rFire    . . .     SeeInvis +   a - +2 dagger
rCold    . . .     Gourm    .   (shield restricted)
rNeg     . . .     Faith    .   c - +0 robe
rPois    .         Spirit   .   (helmet restricted)
rElec    .         Reflect  .   d - +0 cloak
rCorr    .         Harm     .   (gloves unavailable)
MR       .....                  (boots unavailable)
Stlth    ++++......             (no amulet)
HPRegen  0.07/turn              (no ring)
MPRegen  0.09/turn              (no ring)

@: very quick
A: very small, unfitting armour, see invisible, herbivore, speed 3, slow
metabolism 2
a: no special abilities


You were on level 1 of the Dungeon.
You were not hungry.

You visited 1 branch of the dungeon, and saw 3 of its levels.

You collected 64 gold pieces.

Inventory:

Hand Weapons
 a - a +2 dagger (weapon)
 b - a +0 blowgun
Armour
 c - a +0 robe (worn)
 d - a +0 cloak (worn)
Scrolls
 j - a scroll of enchant weapon {unknown}
 l - a scroll of magic mapping {unknown}
 m - a scroll of identify {unknown}
 n - a scroll of teleportation {unknown}
Potions
 e - 2 potions of curing {unknown}
 h - 2 potions of ambrosia {unknown}
 i - a potion of heal wounds {unknown}
 k - 2 potions of degeneration {unknown}
 p - a potion of haste {unknown}
Comestibles
 g - 6 rations


   Skills:
 - Level 1.5 Fighting
 + Level 2.9 Short Blades
 - Level 2.0 Throwing
 * Level 3.8 Dodging
 + Level 8.0 Stealth


You had 3 spell levels left.
You didn't know any spells.

Dungeon Overview and Level Annotations

Branches:
Dungeon (3/15)

Altars:

Annotations:
D:1 Natasha


Innate Abilities, Weirdness & Mutations

You are very small and have problems with some larger weapons.
You are too small for most types of armour.
You have supernaturally acute eyesight. (SInv)
You are a herbivore.
You cover ground extremely quickly.
You need consume almost no food.


Message History

Natasha is almost dead.
You barely miss Natasha.
Natasha is almost dead.
Natasha stares at you and mumbles some strange words.
You easily resist.
You closely miss Natasha.
Natasha is almost dead.
Natasha barely misses you.
You miss Natasha.
Natasha is almost dead.
Natasha casts a spell at you.
You easily resist.
You hit Natasha.
Natasha is almost dead.
Natasha claws you!
* * * LOW HITPOINT WARNING * * *
You barely miss Natasha.
Natasha is almost dead.
Natasha claws you.
You die...

......# ......# ......#
### ....#### #.#
.......# #####.##
.......# ##......#
.....#####..###>##
.....#.....## #.######
.....#.##### ##.@h...#
.......# #..>....#
#..#..## #.......#
#.รท...########.##....#
#.........(.#........#
#..............#.....#
............##.......#
#..(........#..##.####
.........)..#..##.#


You could see Natasha.

Vanquished Creatures
  Natasha (D:2)
  6 adders
  An ooze (D:1)
  A worm (D:2)
  A leopard gecko (D:1)
  5 bats
  4 giant cockroaches
  4 hobgoblins
  A ball python (D:1)
  A frilled lizard (D:2)
  7 goblins
  3 kobolds (D:1)
  3 rats
38 creatures vanquished.

Notes
Turn   | Place    | Note
-------+----------+-------------------------------------------
     0 | D:1      | Danqa the Spriggan Assassin began the quest for the Orb.
     0 | D:1      | Reached XP level 1. HP: 10/10 MP: 2/2
    35 | D:1      | Reached skill level 6 in Stealth
    79 | D:1      | Reached XP level 2. HP: 11/14 MP: 3/3
   602 | D:2      | Reached skill level 7 in Stealth
   765 | D:2      | Reached XP level 3. HP: 18/18 MP: 4/4
  1126 | D:2      | Noticed Natasha
  1492 | D:2      | Reached XP level 4. HP: 22/22 MP: 5/5
  1568 | D:2      | Killed Natasha
  2031 | D:2      | Reached skill level 8 in Stealth
  2179 | D:2      | Noticed Natasha
  2417 | D:1      | Slain by Natasha

Skill      XL: |  1  2  3  4 |
---------------+-------------+-----
Stealth        | 6 7 8 |  8.0
Dodging        | 2 3 |  3.8
Fighting       | |  1.5
Short Blades   | |  2.9
Throwing       | |  2.0

Action                   |  1- 3 |  4- 6 || total
-------------------------+-------+-------++-------
Melee: Dagger            |    94 |    72 ||   166
 Fire: Blowgun           |    10 |    14 ||    24
 Stab: Sleeping          |    11 |     2 ||    13
       Distracted        |     1 |       ||     1
Armor: Robe              |    14 |     7 ||    21
Dodge: Dodged            |    92 |    40 ||   132
